 Dungeon Crawl Stone Soup version 0.32-a0-361-g289a535e89 (webtiles) character file.

Game seed: 6667571481341035211

47339 porpoise the Slicer (level 14, -7/111 HPs)
             Began as a Coglin Gladiator on Feb 18, 2024.
             Was a High Priest of Dithmenos.
             Mangled by an orc warrior
             ... wielding a +0 trident
              (8 damage)
             ... on level 2 of the Orcish Mines on Feb 19, 2024.
             The game lasted 01:16:27 (19124 turns).

porpoise the Slicer (Coglin Gladiator)             Turns: 19124, Time: 01:16:28

Health: -7/111     AC: 30    Str: 18    XL:     14   Next: 41%
Magic:  18/18      EV: 13    Int: 10    God:    Dithmenos [*****.]
Gold:   824        SH:  0    Dex: 17    Spells: 13/13 levels left

rFire   . . .        a - +1 quick blade (venom) {Shatu-murrim}
rCold   + . .        z - +8 long sword "Vyotoen" {heavy, rCorr}
rNeg    . . .        p - +10 plate armour of Tudaocha {rC+ Int+2}
rPois   +            c - +0 helmet
rElec   .            S - scarf {shadows}
rCorr   +            X - +0 pair of gloves
SInv    .            t - +1 pair of boots
Will    +....        (no amulet) Stlth
                     k - ring of poison resistance
HPRegen 0.38/turn    W - +5 ring of evasion
MPRegen 0.16/turn

%: no passive effects
@: wreathed by umbra, revved, stiff-legged, very slow
A: off-hand wielding, slow wielding, warmup strikes, warmup strides
a: Renounce Religion, Shadow Step, Shadow Form


You were on level 2 of the Orcish Mines.
You worshipped Dithmenos.
Dithmenos was extremely pleased with you.
You visited 4 branches of the dungeon, and saw 20 of its levels.

You collected 1330 gold pieces.
You spent 506 gold pieces at shops.

Inventory:

Hand Weapons
 a - a +1 quick blade of venom (weapon) {Shatu-murrim}
 b - a +0 rapier {Qiuyue}
 z - the +8 long sword "Vyotoen" (worn) {heavy, rCorr}
   (You found it on level 4 of the Dungeon)

   rCorr:     It protects you from acid and corrosion.
 D - a +2 longbow of flaming
Missiles
 d - 3 throwing nets
 h - a boomerang
 o - 5 curare-tipped darts
 v - 12 javelins (quivered)
 A - 5 darts of dispersal
Armour
 c - a +0 helmet (worn)
 p - the +10 plate armour of Tudaocha (worn) {rC+ Int+2}
   (You found it on level 2 of the Dungeon)

   Int+2:     It affects your intelligence (+2).
   rC+:       It protects you from cold.
 t - a +1 pair of boots (worn)
 S - a scarf of shadows (worn)
 X - a +0 pair of gloves (worn)
Magical Staves
 G - a staff of air
Jewellery
 k - a ring of poison resistance (left grasper)
 w - a ring of protection from cold
 F - an amulet of faith
 P - a ring of positive energy
 W - a +5 ring of evasion (right grasper)
Wands
 x - a wand of mindburst (15)
 y - a wand of digging (7)
 E - a wand of flame (30)
 M - a wand of paralysis (39)
 Q - a wand of iceblast (15)
 Z - a wand of quicksilver (11)
Scrolls
 m - 2 scrolls of revelation
 n - a scroll of enchant weapon
 u - a scroll of poison
 B - a scroll of blinking
 Y - 2 scrolls of vulnerability
Potions
 e - a potion of resistance
 f - 3 potions of magic
 g - a potion of cancellation
 i - a potion of heal wounds
 j - 4 potions of attraction
 l - 4 potions of curing
 q - 4 potions of lignification
 s - 4 potions of haste
 C - a potion of berserk rage
 H - a potion of brilliance
 L - a potion of might


   Skills:
 * Level 10.9 Fighting
 - Level 14.0(14.4) Short Blades
 * Level 6.1(11.5) Long Blades
 - Level 1.7 Throwing
 + Level 11.0 Armour
 - Level 5.0 Dodging
 * Level 6.3 Invocations
 - Level 7.0 Evocations


You had 13 spell levels left.
You didn't know any spells.
Your spell library contained the following spells:

 Spells                   Type           Power      Damage    Failure   Level
 Shock                    Conj/Air       0%         1d3       100%        1
 Mercury Vapours          Alch/Air       0%         N/A       100%        2
 Sublimation of Blood     Necr           0%         N/A       100%        2
 Hailstorm                Conj/Ice       0%         3d5       100%        3
 Mephitic Cloud           Conj/Alch/Air  0%         N/A       100%        3
 Summon Ice Beast         Ice/Summ       0%         N/A       100%        3
 Swiftness                Air            0%         N/A       100%        3
 Airstrike                Air            0%         2d(0-16)  100%        4
 Ignite Poison            Fire/Alch      0%         N/A       100%        4
 Petrify                  Alch/Erth      0%         N/A       100%        4
 Sticky Flame             Fire/Alch      0%         2d4       100%        4
 Freezing Cloud           Conj/Ice/Air   0%         6-21      100%        5
 Irradiate                Conj/Alch      0%         3d11      100%        5
 Sculpt Simulacrum        Ice/Alch       0%         N/A       100%        6
 Ignition                 Fire           0%         3d3       100%        8


Dungeon Overview and Level Annotations

Branches:
Dungeon (13/15)            Temple (1/1) D:5            Lair (4/5) D:10
 Shoals (0/4) Lair:2       Spider (0/4) Lair:2        Slime (0/5) Lair:4
    Orc (2/2) D:11         Vaults (0/5) D:13
    Elf: Orc:2

Altars:
Ashenzari
Cheibriados
Dithmenos
Elyvilon
Fedhas
Gozag
Hepliaklqana
Kikubaaqudgha
Makhleb
Nemelex Xobeh
Okawaru
Qazlal
Ru
Sif Muna
Trog
Uskayaw
Vehumet
Wu Jian
Xom
Yredelemnul
Zin
The Shining One
Jiyva

Shops:
D:4 [   D:7 *   D:8 [   Orc:1 !   Orc:2 (

Annotations:
D:2 1 runed translucent door, Crazy Yiuf
D:3 3 runed translucent doors, Bravepunisher's ghost, weakling SpMo; Gangsterbeez's ghost, amateur MiFi; Tollund's ghost, amateur OpSh
D:4 3 runed translucent doors, boberto's ghost, amateur MDMo
D:11 3 runed translucent doors, jesster's ghost, journeyman MDCA
D:12 2 runed translucent doors, Zoukiwysk's ghost, journeyman MiFi
Lair:3 3 runed translucent doors, Jasyk's ghost, journeyman DsFi
Orc:2 Saint Roka


Innate Abilities, Weirdness & Mutations

You can wield a second weapon in your off-hand.
It takes a long time for you to wield or remove held weapons.
Your first few attacks do less damage.
Your first movements take longer.


Message History

Press: ? - help, v - describe, . - travel The floor.
This square is wreathed by an umbra.
The warg attacks as it pursues you! The warg bites you but does no damage.
The orc hits you but does no damage.
The orc warrior attacks as it pursues you!
The orc warrior closely misses you. The warg barely misses you.
The warg closely misses you.
The orc warrior hits you but does no damage.
The warg barely misses you. The warg bites you but does no damage.
There is an open door here.
Unknown command.
You hit the orc knight but do no damage. x2
You slash the orc knight with the +8 long sword "Vyotoen"!
Your shadow completely misses the orc knight.
Your shadow hits the orc knight but does no damage.
The orc warrior closely misses you.
The orc knight roars a battlecry!
The orcs go into a battle-frenzy!
The warg bites you.
* * * LOW HITPOINT WARNING * * *
The warg closely misses you.
You hit the orc knight but do no damage.
The orc knight is poisoned.
You hit the orc knight but do no damage.
The orc knight looks as sick as possible!
The orc knight is moderately wounded.
You completely miss the orc knight with the +8 long sword "Vyotoen".
The warg bites you but does no damage. The warg closely misses you.
The orc warrior hits you but does no damage.
The orc knight hits you but does no damage.
You closely miss the orc knight with your +1 quick blade of venom.
You hit the orc knight but do no damage.
The orc knight looks as sick as possible!
The orc knight is moderately wounded.
You hit the orc knight with the +8 long sword "Vyotoen".
The warg bites you but does no damage. x2
The orc knight hits you but does no damage.
The orc warrior hits you from afar with a +0 trident!
You die...

#########
#$..o#..#
#...o#..#
#ß.oh@..+
#..)h#..#
#?..O#..#
######++#


You could see an orc knight (extremely poisoned), 2 wargs, an orc warrior
(strong), an ogre and an orc (strong).

Vanquished Creatures
  Jorgrun (D:12)
  Kirke (Lair:4)
  Nessos (D:12)
  Fannar (Lair:3)
  A hydra (Lair:2)
  4 two-headed ogres
  2 centaur warriors (D:12)
  3 boulder beetles
  6 death yaks (Lair:2)
  Urug (D:12)
  Sonja (Lair:1)
  Nergalle (D:11)
  A skyshark (Lair:4)
  Maurice (D:11)
  2 ugly things
  2 black mambas
  2 gargoyles (D:12)
  9 cane toads
  Maggie (D:7)
  A rime drake (Lair:4)
  7 komodo dragons
  4 polar bears (Lair:2)
  5 trolls
  A hornet (D:10)
  16 blink frogs
  7 dream sheep (Lair:2)
  A jumping spider (Lair:2)
  6 slime creatures (D:12)
  Sigmund (D:2)
  A culicivora (Lair:2)
  5 hogs (Lair:4)
  A wraith (D:10)
  2 vampires
  6 wyverns
  3 basilisks
  40 yaks
  A steam dragon (D:9)
  A warg (Orc:2)
  6 vampire mosquitoes
  7 water moccasins
  3 acid dragons
  11 orc warriors
  An ice beast (D:8)
  3 black bears
  A sky beast (D:8)
  7 wolves
  2 centaurs
  4 ogres
  2 phantoms (D:6)
  4 bullfrogs
  4 kobold brigands
  A gnoll sergeant (D:9)
  A scorpion (D:6)
  13 wights (D:9)
  11 killer bees
  A bombardier beetle (D:5)
  5 hounds
  12 orc priests
  5 jellies
  2 gnoll boudas (D:8)
  5 sleepcaps
  9 iguanas
  Ijyb (D:5)
  Terence (D:2)
  6 hell rats (Lair:2)
  16 orc wizards
  Robin (D:2)
  4 adders
  14 gnolls
  3 white imps
  3 dart slugs
  2 ribbon worms (D:5)
  44 orcs
  5 bats
  6 endoplasms
  4 giant cockroaches
  16 goblins
  4 hobgoblins
  13 jackals
  24 kobolds
  5 quokkas
  5 ball pythons
  4 frilled lizards
  6 rats
457 creatures vanquished.

Vanquished Creatures (others)
  An orc (D:10)
1 creature vanquished.

Grand Total: 458 creatures vanquished

Notes
Turn   | Place    | Note
-------+----------+-------------------------------------------
     0 | D:1      | porpoise the Coglin Gladiator began the quest for the Orb.
     0 | D:1      | Reached XP level 1. HP: 16/16 MP: 1/1
    76 | D:1      | Reached skill level 3 in Short Blades
    77 | D:1      | Reached XP level 2. HP: 18/22 MP: 2/2
   275 | D:1      | Reached XP level 3. HP: 28/28 MP: 3/3
   963 | D:1      | Reached XP level 4. HP: 34/34 MP: 4/4
  1068 | D:1      | Reached skill level 4 in Short Blades
  1180 | D:2      | Noticed Robin
  1196 | D:2      | Killed Robin
  1260 | D:2      | Reached XP level 5. HP: 41/41 MP: 5/5
  1285 | D:2      | Noticed Terence
  1288 | D:2      | Noticed Sigmund
  1302 | D:2      | Killed Terence
  1319 | D:2      | Killed Sigmund
  1320 | D:2      | Reached skill level 5 in Short Blades
  1320 | D:2      | Reached XP level 6. HP: 14/48 MP: 6/6
  1636 | D:2      | Identified the +10 plate armour of Tudaocha {rC+ Int+2}
  1894 | D:2      | Found a runed translucent door.
  1895 | D:2      | Noticed Crazy Yiuf
  2100 | D:3      | Found a white marble altar of Elyvilon.
  2133 | D:3      | Found a runed translucent gate.
  2134 | D:3      | Found a runed translucent gate.
  2135 | D:3      | Found a runed translucent gate.
  2381 | D:3      | Noticed Gangsterbeez's ghost (amateur MiFi)
  2381 | D:3      | Noticed Bravepunisher's ghost (weakling SpMo)
  2381 | D:3      | Noticed Tollund's ghost (amateur OpSh)
  2408 | D:3      | Found a bloodstained altar of Trog.
  2663 | D:4      | Noticed a black bear
  2682 | D:4      | Killed a black bear
  2683 | D:4      | Reached skill level 1 in Armour
  2683 | D:4      | Reached XP level 7. HP: 44/55 MP: 7/7
  2838 | D:4      | Reached skill level 6 in Short Blades
  2842 | D:4      | Found a runed translucent gate.
  2843 | D:4      | Found a runed translucent gate.
  2843 | D:4      | Noticed boberto's ghost (amateur MDMo)
  2844 | D:4      | Found a runed translucent gate.
  2935 | D:4      | Identified the +8 long sword "Vyotoen" {heavy, rCorr}
  2950 | D:4      | Found a sparkling altar of Nemelex Xobeh.
  3422 | D:4      | Found Qelauw's Armour Shop.
  3603 | D:5      | Entered Level 5 of the Dungeon
  3722 | D:5      | Found a staircase to the Ecumenical Temple.
  3728 | Temple   | Entered the Ecumenical Temple
  3771 | Temple   | Became a worshipper of Dithmenos the Shadowed
  4012 | D:5      | Reached skill level 5 in Fighting
  4060 | D:5      | Found a basalt altar of Yredelemnul.
  4211 | D:5      | Reached XP level 8. HP: 62/62 MP: 8/8
  4351 | D:5      | Noticed Ijyb
  4357 | D:5      | Killed Ijyb
  4547 | D:5      | Reached skill level 7 in Short Blades
  4930 | D:6      | Reached * piety under Dithmenos
  5280 | D:6      | Identified the +4 arbalest of Moral Flaws {heavy, Dex+5}
  5587 | D:7      | Reached skill level 8 in Short Blades
  5592 | D:7      | Reached XP level 9. HP: 68/69 MP: 9/9
  5810 | D:7      | Found an ancient bone altar of Kikubaaqudgha.
  5810 | D:7      | Found an ornate altar of the Wu Jian Council.
  5811 | D:7      | Found an iron altar of Okawaru.
  5942 | D:7      | Found a sacrificial altar of Ru.
  6081 | D:7      | Found Vaolun's Assorted Antiques.
  6086 | D:7      | Bought a scroll labelled MOPUN OLEI for 24 gold pieces
  6086 | D:7      | Bought a scroll labelled INAGAEGALL for 24 gold pieces
  6086 | D:7      | Bought a potion of curing for 72 gold pieces
  6364 | D:7      | Noticed Maggie
  6376 | D:7      | Killed Maggie
  6786 | D:8      | Reached skill level 9 in Short Blades
  6932 | D:8      | Reached ** piety under Dithmenos
  6941 | D:8      | Reached skill level 5 in Armour
  7194 | D:8      | Found Zuom's Antique Armour Emporium.
  7202 | D:8      | Bought a glowing scarf for 216 gold pieces
  7546 | D:8      | Reached XP level 10. HP: 74/79 MP: 10/10
  7896 | D:9      | Noticed a two-headed ogre
  7968 | D:9      | Reached skill level 10 in Short Blades
  8150 | D:9      | Killed a two-headed ogre
  8284 | D:9      | Reached *** piety under Dithmenos
  8359 | D:9      | Reached skill level 11 in Short Blades
  8954 | D:9      | Found a blossoming altar of Fedhas.
  9211 | D:10     | Entered Level 10 of the Dungeon
  9230 | D:10     | Noticed a two-headed ogre
  9237 | D:10     | Killed a two-headed ogre
  9238 | D:10     | Reached skill level 12 in Short Blades
  9238 | D:10     | Reached XP level 11. HP: 84/84 MP: 11/11
  9445 | D:10     | Found a shimmering altar of Xom.
  9446 | D:10     | Found a hazy altar of Hepliaklqana.
  9580 | D:10     | Found a staircase to the Lair.
  9655 | D:10     | Found a radiant altar of Vehumet.
  9734 | D:10     | Noticed a two-headed ogre
  9741 | D:10     | Killed a two-headed ogre
  9833 | D:10     | Found a shimmering blue altar of Sif Muna.
 10052 | Lair:1   | Entered Level 1 of the Lair of Beasts
 10271 | Lair:1   | Reached **** piety under Dithmenos
 10272 | Lair:1   | Reached skill level 13 in Short Blades
 10686 | Lair:1   | Noticed Sonja
 10690 | Lair:1   | Killed Sonja
 10890 | Lair:1   | Reached XP level 12. HP: 91/91 MP: 12/12
 10954 | Lair:1   | Identified a scroll of acquirement
 10954 | Lair:1   | Acquired a +1 quick blade of venom
 11455 | Lair:2   | Reached skill level 14 in Short Blades
 11471 | Lair:2   | Reached skill level 1 in Evocations
 11487 | Lair:2   | Noticed an eight-headed hydra
 11500 | Lair:2   | Killed an eight-headed hydra
 11501 | Lair:2   | Reached skill level 1 in Invocations
 11970 | Lair:2   | Noticed a death yak
 12081 | Lair:2   | Noticed a death yak
 12081 | Lair:2   | Noticed a death yak
 12081 | Lair:2   | Noticed a death yak
 12089 | Lair:2   | Noticed a death yak
 12089 | Lair:2   | Noticed a death yak
 12102 | Lair:2   | Killed a death yak
 12110 | Lair:2   | Killed a death yak
 12308 | Lair:2   | Found a staircase to the Shoals.
 12336 | Lair:2   | Killed a death yak
 12341 | Lair:2   | Killed a death yak
 12342 | Lair:2   | Reached skill level 5 in Evocations
 12346 | Lair:2   | Killed a death yak
 12352 | Lair:2   | Killed a death yak
 12697 | Lair:2   | Found a hole to the Spider Nest.
 13019 | Lair:2   | Reached XP level 13. HP: 85/99 MP: 15/15
 13161 | Lair:3   | Reached ***** piety under Dithmenos
 13162 | Lair:3   | Reached skill level 10 in Armour
 13545 | Lair:3   | Noticed Fannar
 13565 | Lair:3   | Killed Fannar
 13566 | Lair:3   | Reached skill level 5 in Invocations
 13744 | Lair:3   | Found an ornate altar of the Wu Jian Council.
 13879 | Lair:3   | Reached skill level 1 in Long Blades
 14093 | Lair:3   | Found a runed translucent gate.
 14093 | Lair:3   | Found a runed translucent gate.
 14093 | Lair:3   | Found a runed translucent gate.
 14099 | Lair:3   | Noticed Jasyk's ghost (journeyman DsFi)
 14210 | Lair:4   | Found a viscous altar of Jiyva.
 14947 | Lair:4   | Noticed Kirke
 14958 | Lair:4   | HP: 2/103 [hog[Kirke] (4)]
 15142 | Lair:4   | Killed Kirke
 15143 | Lair:4   | Reached skill level 5 in Dodging
 15310 | Lair:4   | Found a staircase to the Slime Pits.
 15970 | D:11     | Reached skill level 10 in Fighting
 16081 | D:11     | Found a blossoming altar of Fedhas.
 16284 | D:11     | Noticed Nergalle
 16289 | D:11     | Killed Nergalle
 16467 | D:11     | Found a runed translucent gate.
 16467 | D:11     | Found a runed translucent gate.
 16467 | D:11     | Noticed jesster's ghost (journeyman MDCA)
 16479 | D:11     | Found a runed translucent gate.
 16917 | D:11     | Found a staircase to the Orcish Mines.
 17207 | D:12     | Noticed Maurice
 17207 | D:12     | Noticed Jorgrun
 17213 | D:11     | Killed Maurice
 17230 | D:12     | Killed Jorgrun
 17231 | D:12     | Reached XP level 14. HP: 56/111 MP: 18/18
 17452 | D:12     | Found a large runed translucent door.
 17455 | D:12     | Found a large runed translucent door.
 17465 | D:12     | Reached skill level 5 in Long Blades
 17535 | D:12     | Noticed Urug
 17545 | D:12     | Killed Urug
 17709 | D:12     | Noticed Nessos
 17717 | D:12     | Killed Nessos
 18234 | D:12     | Noticed Zoukiwysk's ghost (journeyman MiFi)
 18523 | D:13     | Found a gate to the Vaults.
 18805 | Orc:1    | Entered Level 1 of the Orcish Mines
 19015 | Orc:1    | Found Lagust's Distillery.
 19051 | Orc:1    | Bought a potion of heal wounds for 85 gold pieces
 19051 | Orc:1    | Bought a potion of berserk rage for 85 gold pieces
 19087 | Orc:2    | Entered Level 2 of the Orcish Mines
 19099 | Orc:2    | Found Ryutzete's Antique Weapon Boutique.
 19099 | Orc:2    | Noticed Saint Roka
 19114 | Orc:2    | HP: 3/111 [Saint Roka/divine providence (16)]
 19120 | Orc:2    | HP: 1/111 [orc warrior/+0 trident (5)]
 19124 | Orc:2    | Mangled by an orc warrior

Illustrated notes

Levels and vault maps discovered:
D:1:      orjb1_clovarrival, layout_loops_ring
D:2:      layout_rooms, chequers_serial_rivers_large_a,
          minmay_misc_feat_secret_circle, uniq_crazy_yiuf_cottage, uniq_terence,
          uniq_robin, uniq_sigmund
D:3:      layout_rooms, elyvilon_altar_5, overflow_temple_1_default,
          gammafunk_ghost_cemetery, lemuel_flame_loot_1
D:4:      layout_loops_ring, mainiacjoe_overflow_brackets, serial_shops,
          kennysheep_mini, gammafunk_ghost_nasty_kobolds
D:5:      layout_loops_corners, mainiacjoe_overflow_concentric_impassable,
          minmay_temple_entry_wispy, uniq_ijyb
D:6:      layout_basic
D:7:      layout_basic, nicolae_overflow_quartered_altars, serial_shops,
          nicolae_shop_pleasant_corner_grove, minmay_misc_feat_ornament,
          wad_floor_pattern_untrapped, grunt_decor_clamped, grunt_ministairs_5,
          uniq_maggie
D:8:      layout_gridville, serial_shops, nicolae_shop_peninsula
D:9:      layout_loops_ring, lemuel_round_altar, grunt_ministairs_2,
          kennysheep_generic_room_3
D:10:     layout_loops_ring, regret_index_temple_of_mockery,
          mainiacjoe_overflow_alcove_4, fiery_altar_vehumet
D:11:     layout_grid_maze, hiddenorc1_lemuel, gammafunk_ghost_split,
          fedhas_altar_1, uniq_nergalle
D:12:     layout_rooms, ebering_ghost_disaster_area, uniq_maurice, uniq_jorgrun,
          uniq_urug, uniq_nessos
D:13:     layout_cave_pools, lightli_vaults_fourway_checkpoint
Temple:   hellmonk_temple_beads
Lair:1:   layout_regular_city, grunt_megastairs_1, uniq_sonja
Lair:2:   layout_chaotic_city, shoals_dummy_entry, spider_nest_entry_funnel_web,
          cheibrodos_lair_lostbears, serial_bayou_shore_a, grunt_megastairs_5,
          infiniplex_staircase_pool_2
Lair:3:   beast_lair_carwin_large_1, layout_gridlike, ebering_ghost_rock_garden,
          basic_altar, serial_bayou_shore_b, uniq_fannar
Lair:4:   layout_concentric_octagons, nicolae_slime_entry_field_trip,
          chequers_serial_rivers_micro_c, minivault_24, grunt_megastairs_4,
          uniq_kirke
Orc:1:    layout_caves, serial_shops, nicolae_shop_peninsula, shop,
          nicolae_shop_hallway_stairs, shop, nicolae_orc_minecarts, uniq_erica
Orc:2:    grunt_orc_community_town_hall, layout_diamond_mine,
          grunt_orc_community_big_house_2, grunt_orc_community_big_house_2,
          grunt_orc_community_house_1, grunt_orc_community_house_2,
          grunt_orc_community_house_2, grunt_orc_community_house_1,
          nooodl_orcs_dogs

Skill      XL: |  1  2  3  4  5  6  7  8  9 10 11 12 13 14 |
---------------+-------------------------------------------+-----
Short Blades   | 3 4 5 6 8 9 12 13 14 | 14.0
Fighting       | 3 4 5 6 7 8 10 | 10.9
Armour         | 1 2 3 5 7 9 10 11 | 11.0
Evocations     | 6 7 |  7.0
Invocations    | 3 5 6 |  6.3
Dodging        | 5 |  5.0
Long Blades    | 4 6 |  6.1
Throwing       | |  1.7

Action                     |  1- 3 |  4- 6 |  7- 9 | 10-12 | 13-15 || total
---------------------------+-------+-------+-------+-------+-------++-------
  Melee: Rapier            |    73 |    28 |       |       |       ||   101
         Dagger            |    46 |   176 |   181 |   222 |       ||   625
         Long sword        |       |       |   179 |   391 |   381 ||   951
         Quick blade       |       |       |       |   257 |   707 ||   964
  Throw: Throwing net      |       |       |       |     1 |       ||     1
         Boomerang         |       |       |       |     3 |     7 ||    10
         Javelin           |       |       |       |       |     1 ||     1
  Evoke: Wand              |       |       |       |     1 |    12 ||    13
    Use: Potion            |       |     2 |       |     1 |     3 ||     6
         Scroll            |       |       |     7 |    15 |     7 ||    29
   Stab: Sleeping          |     1 |       |       |       |       ||     1
         Held in net/web   |       |       |       |     1 |       ||     1
 Armour: Leather armour    |    40 |    35 |       |       |       ||    75
         Plate armour      |       |    42 |   187 |   325 |   279 ||   833
         Skin              |       |       |       |       |     7 ||     7
  Dodge: Dodged            |    44 |    36 |    65 |   181 |   267 ||   593

Table legend: (Time is in decaauts)
 A = Elapsed time spent in this place.
 B = Non-inter-level travel time spent in this place.
 C = Inter-level travel time spent in this place.
 D = Time resting spent in this place.
 E = Time spent auto-exploring this place.
 F = Levels seen in this place.
 G = Mean time per level.
                   A        B        C        D        E       F      G
               +--------+--------+--------+--------+--------+-----+--------+
         Total |  19782 |  18935 |    847 |   5178 |  10441 |  20 |  989.1 |
       Dungeon |  13499 |  13010 |    489 |   3318 |   7638 |  13 | 1038.4 |
        Temple |     87 |      1 |     86 |      0 |      0 |   1 |   87.0 |
          Lair |   5852 |   5581 |    271 |   1834 |   2625 |   4 | 1463.0 |
  Orcish Mines |    341 |    341 |      0 |     26 |    178 |   2 |  170.5 |
               +--------+--------+--------+--------+--------+-----+--------+

Top non-repeatable levels by time:
  Lair:2: 1725 daAuts
    D:11: 1620 daAuts
  Lair:1: 1474 daAuts
  Lair:4: 1451 daAuts
    D:12: 1439 daAuts
     D:9: 1314 daAuts
     D:7: 1285 daAuts
     D:8: 1251 daAuts
  Lair:3: 1200 daAuts
     D:1: 1067 daAuts
     D:5: 1059 daAuts
     D:2: 1051 daAuts
     D:4: 970 daAuts
    D:10: 884 daAuts
     D:6: 850 daAuts
